 Dungeon Crawl Stone Soup version 0.32-a0-711-g016ad743e0 (webtiles) character file.

Game seed: 4617933607670205406

84 runemasterragnar the Grasshopper (level 4, 0/51 HPs)
             Began as a Coglin Warper on Mar 15, 2024.
             Was an Initiate of Okawaru.
             Slain by Dowan
             ... wielding a +0 dagger
              (1 damage)
             ... on level 4 of the Dungeon.
             The game lasted 00:03:21 (2142 turns).

runemasterragnar the Grasshopper (Coglin Warper)    Turns: 2142, Time: 00:03:21

Health: 0/51       AC:  6    Str: 13    XL:     4   Next: 46%
Magic:  7/7        EV:  8    Int: 12    God:    Okawaru [......]
Gold:   133        SH:  0    Dex: 14    Spells: 5/7 levels left

rFire   . . .        p - +1 flail (drain) {Nari}
rCold   . . .        i - +0 mace {Tomás}
rNeg    . . .        j - +0 scale mail
rPois   .            (no helmet)
rElec   .            (no cloak)
rCorr   .            (no gloves)
SInv    .            (no boots)
Will    .....        (amulet unavailable) Stlth
                     (ring unavailable)
HPRegen 0.28/turn    (ring unavailable)
MPRegen 0.10/turn    (no gizmo)

%: no passive effects
@: berserking (expiring), revved, slow
A: off-hand wielding, slow wielding, warmup strikes, no jewellery
a: Invent Gizmo, Renounce Religion


You were on level 4 of the Dungeon.
You worshipped Okawaru.
Okawaru was noncommittal.
You visited 1 branch of the dungeon, and saw 4 of its levels.

You collected 133 gold pieces.

Inventory:

Hand Weapons
 a - a +0 mace {Ming}
 e - a +0 dagger {Francisco}
 i - a +0 mace (offhand) {Tomás}
 p - a +1 flail of draining (weapon) {Nari}
Missiles
 d - 7 darts of dispersal (quivered)
 l - 3 poisoned darts
Armour
 j - a +0 scale mail (worn)
Scrolls
 c - 2 scrolls of blinking
 f - a scroll of identify
 k - a scroll of fear
Potions
 b - 5 potions of curing
 g - 2 potions of cancellation
 m - a potion of might {unknown}
 n - a potion of brilliance
 o - a potion of heal wounds {unknown}


   Skills:
 + Level 2.5 Fighting
 * Level 2.4 Maces & Flails
 + Level 1.7 Throwing
 + Level 1.5 Armour
 - Level 1.7 Dodging
 - Level 2.1 Spellcasting
 - Level 3.3 Translocations


You had 5 spell levels left.
You knew the following spells:

 Your Spells              Type           Power      Damage    Failure   Level
a - Blink                 Tloc           18%        N/A       43%         2

Your spell library contained the following spells:

 Spells                   Type           Power      Damage    Failure   Level
 Lesser Beckoning         Tloc           18%        N/A       43%         2
 Teleport Other           Tloc           9%         N/A       67%         3
 Manifold Assault         Tloc           9%         N/A       97%         4
 Dimensional Bullseye     Hex/Tloc       2%         N/A       99%         4
 Iskenderun's Mystic Bla  Conj/Tloc      5%         2d3       99%         4
 Vhi's Electric Charge    Tloc/Air       10%        N/A       99%         4
 Tukima's Dance           Hex            Unusable   N/A       N/A         3

Dungeon Overview and Level Annotations

Branches:
Dungeon (4/15)
 Temple: D:4-7

Altars:
Okawaru

Shops:
D:2 =

Portals:
Sewer: D:4

Annotations:
D:4 Dowan, Duvessa


Innate Abilities, Weirdness & Mutations

You can wield a second weapon in your off-hand.
It takes a long time for you to wield or remove held weapons.
Your first few attacks do less damage.
You cannot equip rings or amulets.


Message History

Your unstable footing causes you to fumble your attack.
You barely miss Duvessa with your +0 mace.
Dowan hits you with a +0 dagger.
Duvessa hits you with a +2 short sword of protection!
* * * LOW HITPOINT WARNING * * *
The quokka splashes around in the water.
You hit Duvessa but do no damage.
Duvessa is moderately wounded.
You closely miss Duvessa with your +1 flail of draining.
Duvessa completely misses you. Dowan barely misses you. The quokka bites you.
* * * LOW HITPOINT WARNING * * *
Unknown command.
You closely miss Duvessa with your +1 flail of draining.
Duvessa is moderately wounded.
Your unstable footing causes you to fumble your attack.
Duvessa hits you but does no damage. The quokka bites you.
* * * LOW HITPOINT WARNING * * *
Dowan hits you but does no damage.
Duvessa hits you with a +2 short sword of protection.
* * * LOW HITPOINT WARNING * * *
You hit Duvessa with your +1 flail of draining.
Duvessa is moderately wounded.
You barely miss Duvessa with your +0 mace.
The quokka bites you but does no damage.
Duvessa completely misses you. Dowan barely misses you.
Unknown command.
You hit Duvessa with your +1 flail of draining.
You drain Duvessa.
Duvessa is heavily wounded.
You hit Duvessa with your +0 mace.
Duvessa splashes around in the water.
The quokka barely misses you. Dowan gestures at you while chanting.
The puff of frost hits you.
* * * LOW HITPOINT WARNING * * *
You are too berserk!
Your unstable footing causes you to fumble your attack.
You sock Duvessa with your +0 mace!
Duvessa splashes around in the water.
The quokka bites you but does no damage.
Duvessa barely misses you. Dowan hits you with a +0 dagger.
You die...

#<..... ###.### + #.†..
##.# ##### ... #.#
##.###
.############....
...~~~e@~~~~.#.# ###
#..~~~re~~~~.†.######.#
##.~~~~~~~~†††........#
####################.#
#.## #... ####


You could see Duvessa (fast, drained), Dowan and a quokka.

Vanquished Creatures
  2 adders
  2 ribbon worms (D:2)
  2 dart slugs (D:1)
  6 ball pythons
  6 bats
  5 endoplasms
  4 giant cockroaches
  4 hobgoblins
  6 quokkas
  6 frilled lizards
  3 goblins
  6 kobolds
  3 rats
55 creatures vanquished.

Notes
Turn   | Place    | Note
-------+----------+-------------------------------------------
     0 | D:1      | runemasterragnar the Coglin Warper began the quest for the
                  | Orb.
     0 | D:1      | Reached XP level 1. HP: 16/16 MP: 3/3
    48 | D:1      | Reached skill level 1 in Throwing
    48 | D:1      | Reached skill level 1 in Armour
   157 | D:1      | Reached XP level 2. HP: 19/22 MP: 4/4
   511 | D:1      | Reached XP level 3. HP: 27/27 MP: 6/6
   783 | D:2      | Learned a level 2 spell: Blink
   926 | D:2      | Found Roopp's Jewellery Shoppe.
  1256 | D:2      | Reached XP level 4. HP: 32/34 MP: 7/7
  1981 | D:3      | Found an iron altar of Okawaru.
  1989 | D:3      | Became a worshipper of Warmaster Okawaru
  2116 | D:4      | Found a glowing drain.
  2127 | D:4      | Noticed Dowan
  2128 | D:4      | Noticed Duvessa
  2141 | D:4      | HP: 1/51 [Dowan/puff of frost (3)]
  2142 | D:4      | Slain by Dowan

Illustrated notes

Levels and vault maps discovered:
D:1:      scummos_arrival_gate, layout_rooms, moated_statue
D:2:      layout_basic, serial_shops, shop
D:3:      layout_loops_ring, okawaru_gym_becter
D:4:      layout_basic, portal_sewer_entry_f, minivault_26, uniq_pikel,
          uniq_duvessa

Skill      XL: |  1  2  3 |
---------------+----------+-----
Throwing       | 1 |  1.7
Armour         | 1 |  1.5
Spellcasting   | 2 |  2.1
Maces & Flails | 2 |  2.4
Fighting       | |  2.5
Dodging        | |  1.7
Translocations | |  3.3

Action                     |  1- 3 |  4- 6 || total
---------------------------+-------+-------++-------
  Melee: Dagger            |    22 |       ||    22
         Mace              |    91 |    32 ||   123
         Flail             |    34 |    35 ||    69
    Use: Scroll            |       |    11 ||    11
         Potion            |       |     1 ||     1
 Armour: Ring mail         |    24 |       ||    24
         Leather armour    |     4 |       ||     4
         Scale mail        |    41 |    48 ||    89
  Dodge: Dodged            |    42 |    27 ||    69

Table legend: (Time is in decaauts)
 A = Elapsed time spent in this place.
 B = Non-inter-level travel time spent in this place.
 C = Inter-level travel time spent in this place.
 D = Time resting spent in this place.
 E = Time spent auto-exploring this place.
 F = Levels seen in this place.
 G = Mean time per level.
                   A        B        C        D        E       F      G
               +--------+--------+--------+--------+--------+-----+--------+
         Total |   2173 |   2037 |    136 |    136 |   1472 |   4 |  543.2 |
       Dungeon |   2173 |   2037 |    136 |    136 |   1472 |   4 |  543.2 |
               +--------+--------+--------+--------+--------+-----+--------+

Top non-repeatable levels by time:
     D:2: 873 daAuts
     D:1: 635 daAuts
     D:3: 601 daAuts
     D:4: 63 daAuts
